AoeStats
← KabaH4iK

Arena

510506637Analyzed
4v4 RM · 16h ago on Oct 1, 2026· 59m 23s· 8 players
Game mode
Random Map
Map size
Large (8 player)
Population
200
Speed
Normal
Resources
Standard
Victory
Conquest
Starting age
Dark Age
Ending age
Imperial Age
RankedLock teamsTeams togetherTeam positionsShared explorationLock speedFull tech treeHidden civsTurbo modeCheats
Victory
Defeat
🇲🇴 Danes · Macao SAR China
1194
+13
🇨🇳 Teutons · China
1119
+16
🇻🇳 Khmer · Vietnam
1101
+17
🇹🇼 Vietnamese · Taiwan
1057
+18
🇨🇳 Turks · China
1197
-19
🇩🇪 Malians · Germany
1157
-18
🇺🇦 Teutons · Ukraine
1078
-14
🇺🇦 Turks · Ukraine
1037
-13
奶粉爷
9:08 Feudal Age
7:25 Loom
10:51 Fletching
11:17 Padded Archer Armor
22:02 Horse Collar
25:51 Castle Age
24:05 Double-Bit Axe
25:22 Wheelbarrow
25:57 Gold Mining
34:00 Bow Saw
51:47 Heavy Plow
55:36 Hand Cart
56:03 Stone Mining
60:46 Imperial Age
DIvo ludviz
11:05 Feudal Age
17:34 Castle Age
16:33 Stone Mining
16:33 Gold Mining
16:27 Horse Collar
17:24 Double-Bit Axe
26:09 Bow Saw
27:12 Wheelbarrow
28:44 Hand Cart
28:36 Heavy Plow
32:07 Imperial Age
31:15 Squires
30:36 Pikeman
31:44 Padded Archer Armor
32:25 Ballistics
31:45 Treadmill Crane
32:27 Scale Mail Armor
32:32 Scale Barding Armor
34:06 Two-Man Saw
33:51 Masonry
34:34 Chain Barding Armor
34:29 Chain Mail Armor
34:25 Forging
35:15 Leather Archer Armor
34:50 Fletching
36:53 Plate Mail Armor
36:58 Plate Barding Armor
35:56 Halberdier
36:09 Elite Skirmisher
37:02 Chatras
38:28 Imperial Skirmisher
52:08 Iron Casting
51:28 Bodkin Arrow
56:03 Paper Money
57:03 Crop Rotation
河北彩花
1:36 Loom
9:46 Feudal Age
14:54 Castle Age
13:07 Double-Bit Axe
14:27 Arson
15:24 Stone Mining
16:34 Horse Collar
19:35 Arson
22:22 Gambesons
23:41 Scale Mail Armor
24:41 Forging
26:34 Wheelbarrow
26:35 Town Watch
29:38 Chain Mail Armor
29:56 Gold Mining
30:20 Bow Saw
29:48 Hamask
30:49 Squires
33:04 Man-at-Arms
37:35 Imperial Age
35:22 Hand Cart
38:13 Iron Casting
38:50 Gold Shaft Mining
38:00 Capped Ram
39:10 Conscription
38:12 Elite Varangian Guard
39:30 Siege Ram
41:39 Plate Mail Armor
42:42 Heavy Plow
44:29 Blast Furnace
46:52 Siege Engineers
47:55 Fletching
49:02 Elite Jomsviking
51:16 Hoardings
55:04 Stone Shaft Mining
55:58 Bodkin Arrow
55:33 Onager
KhmerEmpire9164
2:20 Loom
13:37 Feudal Age
17:48 Castle Age
15:37 Double-Bit Axe
15:35 Horse Collar
15:58 Stone Mining
16:20 Gold Mining
17:55 Wheelbarrow
19:30 Bow Saw
24:31 Husbandry
26:23 Heavy Plow
30:36 Gold Shaft Mining
30:48 Bloodlines
33:22 Hand Cart
34:31 Stone Shaft Mining
33:36 Light Cavalry
38:12 Imperial Age
35:49 Scale Barding Armor
36:53 Chain Barding Armor
36:48 Town Watch
37:56 Forging
37:45 Murder Holes
38:11 Ballistics
38:26 Town Patrol
38:55 Double Crossbow
38:16 Elite Ballista Elephant
39:17 Conscription
39:08 Siege Engineers
40:06 Chemistry
39:43 Plate Barding Armor
39:46 Iron Casting
39:49 Hussar
42:03 Blast Furnace
42:53 Cavalier
44:49 Fortified Wall
Kolbaskin
9:22 Feudal Age
13:49 Castle Age
12:31 Double-Bit Axe
18:41 Horse Collar
23:54 Wheelbarrow
25:14 Bow Saw
25:06 Heavy Plow
26:02 Hand Cart
25:33 Loom
25:34 Town Watch
26:11 Gold Mining
26:11 Stone Mining
28:35 Stone Shaft Mining
30:51 Imperial Age
28:23 Town Patrol
29:16 Bloodlines
29:14 Scale Barding Armor
29:20 Forging
31:38 Iron Casting
31:58 Chain Barding Armor
31:35 Cavalier
33:21 Crop Rotation
33:56 Two-Man Saw
34:06 Blast Furnace
33:16 Paladin
35:01 Plate Barding Armor
37:02 Scale Mail Armor
37:02 Padded Archer Armor
36:52 Fletching
40:17 Man-at-Arms
40:42 Gambesons
40:58 Squires
40:43 Arson
41:12 Long Swordsman
43:20 Two-Handed Swordsman
44:54 Two-Handed Swordsman
47:17 Chain Mail Armor
46:57 Bodkin Arrow
47:18 Leather Archer Armor
47:08 Heavy Scorpion
47:38 Onager
48:48 Ballistics
49:28 Chemistry
48:33 Siege Engineers
51:26 Capped Ram
54:37 Siege Onager
KabaH4iK
11:24 Feudal Age
15:17 Castle Age
13:39 Double-Bit Axe
13:58 Horse Collar
14:41 Gold Mining
16:51 Wheelbarrow
16:44 Bow Saw
17:18 Heavy Plow
19:43 Loom
22:55 Forging
25:17 Wheelbarrow
25:37 Iron Casting
26:21 Bloodlines
26:37 Husbandry
26:56 Scale Barding Armor
27:46 Gold Shaft Mining
28:11 Chain Barding Armor
29:52 Hand Cart
33:29 Imperial Age
32:34 Fletching
32:46 Padded Archer Armor
35:17 Bodkin Arrow
36:23 Blast Furnace
35:58 Plate Barding Armor
36:02 Stone Mining
36:41 Treadmill Crane
37:11 Masonry
38:20 Heavy Camel Rider
39:59 Bracer
43:50 Conscription
47:43 Caravan
星辰AGE
1:58 Loom
11:45 Feudal Age
13:07 Town Watch
17:21 Castle Age
16:14 Fletching
37:14 Wheelbarrow
36:25 Double-Bit Axe
36:26 Horse Collar
38:20 Redemption
39:20 Gold Mining
39:20 Stone Mining
39:26 Stone Mining
41:47 Sanctity
41:38 Fervor
46:33 Sipahi
46:43 Hand Cart
49:19 Imperial Age
48:35 Squires
48:47 Bloodlines
48:37 Husbandry
49:09 Hand Cart
48:55 Town Patrol
48:52 Bodkin Arrow
48:58 Padded Archer Armor
49:27 Forging
49:23 Scale Barding Armor
49:55 Heavy Camel Rider
50:42 Bracer
51:00 Leather Archer Armor
52:09 Conscription
53:02 Hoardings
53:31 Chain Barding Armor
53:47 Iron Casting
54:29 Bow Saw
54:27 Heavy Plow
55:18 Parthian Tactics
55:55 Bracer
56:39 Ring Archer Armor
56:47 Ballistics
56:42 Fortified Wall
58:45 Ring Archer Armor
59:16 Blast Furnace
60:30 Plate Barding Armor
Wallenstein
7:26 Loom
9:57 Feudal Age
10:59 Double-Bit Axe
13:49 Horse Collar
17:02 Castle Age
15:21 Scale Mail Armor
14:45 Man-at-Arms
20:48 Chain Mail Armor
24:08 Long Swordsman
28:06 Ballistics
28:58 Murder Holes
28:54 Treadmill Crane
29:53 Fervor
30:59 Bow Saw
33:11 Wheelbarrow
34:12 Gold Mining
35:27 Heavy Plow
35:12 Pikeman
39:25 Imperial Age
38:40 Hand Cart
38:18 Fletching
38:39 Forging
38:51 Tigui
38:49 Arson
39:36 Two-Handed Swordsman
41:31 Squires
44:36 Chemistry
Connection lost

Rejoining the realm…

Still unreachable

The connection could not be restored.

Session expired

The server has moved on; the page needs a fresh start.